AoeStats
← godissixyearold

Arabian Desert

510714549Analyzed
1v1 RM · 10h ago on Oct 2, 2026· 27m 55s· 2 players
Game mode
Random Map
Map size
Tiny (2 player)
Population
200
Speed
Normal
Resources
Standard
Victory
Conquest
Starting age
Dark Age
Ending age
Imperial Age
RankedLock teamsTeams togetherTeam positionsShared explorationLock speedFull tech treeHidden civsTurbo modeCheats
Victory
Defeat
🇮🇹 Romans · Italy
1091
+17
🇹🇼 Inca · Taiwan
1108
-17
kewoo
6:08 Loom
9:19 Feudal Age
9:48 Man-at-Arms
11:22 Double-Bit Axe
15:23 Scale Mail Armor
17:46 Horse Collar
18:49 Wheelbarrow
18:46 Forging
23:56 Castle Age
24:01 Long Swordsman
24:44 Squires
25:09 Chain Mail Armor
27:28 Iron Casting
godissixyearold
7:25 Loom
9:39 Feudal Age
10:10 Champi Runner
14:41 Scale Mail Armor
14:52 Forging
16:25 Arson
23:14 Castle Age
22:30 Double-Bit Axe
22:36 Gold Mining
24:53 Fletching
25:42 Champi Warrior
Connection lost

Rejoining the realm…

Still unreachable

The connection could not be restored.

Session expired

The server has moved on; the page needs a fresh start.